TOP OF THE 1ST |
Augusta Timber Hawks batting - Pitching for Alloway Halberds : RHP Jim Unknown
|
Pitching: RHP Jim Unknown
|
|
Batting: SHB Javier Valle
|
0-0: Ground out U3 (Groundball, 34)
|
Batting: RHB Rubén Marino
|
0-0: Called Strike 0-1: Ball 1-1: Ball 2-1: Ball 3-1: Base on Balls
|
Batting: RHB Bob Dickerson
|
0-0: Ball 1-0: Fly out, F8 (Flyball, 8LD)
|
Batting: RHB Luis Tapia
|
0-0: Swinging Strike 0-1: Ball 1-1: Foul Ball, location: 2F 1-2: Fly out, F9 (Flyball, 9)
|
Top of the 1st over - 0 run(s), 0 hit(s), 0 error(s), 1 left on base; Augusta 0 - Alloway 0 |
BOTTOM OF THE 1ST |
Alloway Halberds batting - Pitching for Augusta Timber Hawks : LHP Antenor Elizalde
|
Pitching: LHP Antenor Elizalde
|
|
Batting: RHB Christovão Galho
|
0-0: Ball 1-0: Ball 2-0: Ball 3-0: Base on Balls
|
Batting: LHB Esteban Casillas
|
0-0: SINGLE (Flyball, 89S) Christovão Galho to second
|
Batting: RHB Juan Salinas
|
0-0: Ground out 5-3 (Groundball, 56S) Christovão Galho to third Esteban Casillas to second
|
Batting: RHB Stewart Ralston
|
0-0: Ball 1-0: Fly out, F7 (Flyball, 7LM)
|
Now in LF: Enrique Pimentel
|
|
Batting: RHB Sung-min Pae
|
0-0: Foul Ball, location: 2F 0-1: Called Strike 0-2: 3-RUN HOME RUN (Flyball, 7D), Distance : 391 ft
|
Batting: SHB Ron Peterson
|
0-0: Ball 1-0: Called Strike 1-1: Ball 2-1: Fly out, F9 (Flyball, 9LS)
|
Bottom of the 1st over - 3 run(s), 2 hit(s), 0 error(s), 0 left on base; Augusta 0 - Alloway 3 |
TOP OF THE 2ND |
Augusta Timber Hawks batting - Pitching for Alloway Halberds : RHP Jim Unknown
|
Batting: LHB Jack Robbins
|
0-0: Fly out, F7 (Line Drive, 7)
|
Batting: LHB Dinis Marcha
|
0-0: Ball 1-0: Ground out 4-3 (Groundball, 4)
|
Batting: RHB Claudio Mendoza
|
0-0: Called Strike 0-1: Ball 1-1: Ball 2-1: Ball 3-1: Ground out 4-3 (Groundball, 4M)
|
Top of the 2nd over - 0 run(s), 0 hit(s), 0 error(s), 0 left on base; Augusta 0 - Alloway 3 |
BOTTOM OF THE 2ND |
Alloway Halberds batting - Pitching for Augusta Timber Hawks : LHP Antenor Elizalde
|
Batting: RHB Jorge López
|
0-0: SINGLE (Groundball, 56D)
|
Batting: RHB Alfredo Chávez
|
0-0: Ball 1-0: Hit by Pitch Jorge López to second
|
Batting: RHB Pedro Orozco
|
0-0: Called Strike 0-1: Ball 1-1: Foul Ball, location: 2F 1-2: Ball 2-2: Fielders Choice at 2nd, 6-4 (Groundball, 6D) Jorge López to third
|
Batting: RHB Christovão Galho
|
0-0: Fly out, F9 (Flyball, 89S)
|
Batting: LHB Esteban Casillas
|
0-0: Fly out, F7 (Flyball, 7)
|
Bottom of the 2nd over - 0 run(s), 1 hit(s), 0 error(s), 2 left on base; Augusta 0 - Alloway 3 |
TOP OF THE 3RD |
Augusta Timber Hawks batting - Pitching for Alloway Halberds : RHP Jim Unknown
|
Batting: RHB Jaime Cruz
|
0-0: Ball 1-0: Called Strike 1-1: Foul Ball, location: 2F 1-2: Ball 2-2: Foul Ball, location: 2F 2-2: Ground out 5-3 (Groundball, 56)
|
Batting: RHB Enrique Pimentel
|
0-0: Swinging Strike 0-1: Ball 1-1: Foul Ball, location: 2F 1-2: Ball 2-2: DOUBLE (Line Drive, 9LD)
|
Batting: SHB Javier Valle
|
0-0: DOUBLE (Line Drive, 7LM) Enrique Pimentel scores
|
Batting: RHB Rubén Marino
|
0-0: Called Strike 0-1: Called Strike 0-2: Ball 1-2: Strikes out swinging
|
Batting: RHB Bob Dickerson
|
0-0: Called Strike 0-1: Ball 1-1: Swinging Strike 1-2: Fly out, F8 (Flyball, 89S)
|
Top of the 3rd over - 1 run(s), 2 hit(s), 0 error(s), 1 left on base; Augusta 1 - Alloway 3 |
BOTTOM OF THE 3RD |
Alloway Halberds batting - Pitching for Augusta Timber Hawks : LHP Antenor Elizalde
|
Batting: RHB Juan Salinas
|
0-0: Called Strike 0-1: Ball 1-1: Ball 2-1: Foul Ball, location: 2F 2-2: Ball 3-2: Base on Balls
|
Batting: RHB Stewart Ralston
|
0-0: Grounds into double play, 5-4-3 (Groundball, 56)
|
Batting: RHB Sung-min Pae
|
0-0: Called Strike 0-1: Ball 1-1: Ball 2-1: Ball 3-1: Fly out, F8 (Line Drive, 8LM)
|
Bottom of the 3rd over - 0 run(s), 0 hit(s), 0 error(s), 0 left on base; Augusta 1 - Alloway 3 |
TOP OF THE 4TH |
Augusta Timber Hawks batting - Pitching for Alloway Halberds : RHP Jim Unknown
|
Batting: RHB Luis Tapia
|
0-0: Ball 1-0: Swinging Strike 1-1: Called Strike 1-2: Ball 2-2: Strikes out swinging
|
Batting: LHB Jack Robbins
|
0-0: Called Strike 0-1: Swinging Strike 0-2: Foul Ball, location: 2F 0-2: Ball 1-2: Foul Ball, location: 2F 1-2: SINGLE (Groundball, 4S) (infield hit)
|
Batting: LHB Dinis Marcha
|
0-0: Ball Jack Robbins steals 2nd base 1-0: Reached on error, E3 (Groundball, 34) Jack Robbins to third
|
Batting: RHB Claudio Mendoza
|
0-0: Ball 1-0: Reached via error on a dropped throw, E3 Jack Robbins scores Dinis Marcha to second
|
Batting: RHB Jaime Cruz
|
0-0: Ball 1-0: Called Strike 1-1: Ball 2-1: Swinging Strike 2-2: Grounds into double play, 6-4-3 (Groundball, 6)
|
Top of the 4th over - 1 run(s), 1 hit(s), 2 error(s), 1 left on base; Augusta 2 - Alloway 3 |
BOTTOM OF THE 4TH |
Alloway Halberds batting - Pitching for Augusta Timber Hawks : LHP Antenor Elizalde
|
Batting: SHB Ron Peterson
|
0-0: Ball 1-0: Fly out, F8 (Flyball, 8RD)
|
Batting: RHB Jorge López
|
0-0: Ball 1-0: Fly out, F7 (Flyball, 78M)
|
Batting: RHB Alfredo Chávez
|
0-0: Ball 1-0: Ball 2-0: Foul Ball, location: 2F 2-1: Foul Ball, location: 2F 2-2: SINGLE (Groundball, 34D)
|
Batting: RHB Pedro Orozco
|
0-0: 2-RUN HOME RUN (Flyball, 7D), Distance : 399 ft
|
Batting: RHB Christovão Galho
|
0-0: Ball 1-0: SINGLE (Line Drive, 6MD)
|
Batting: LHB Esteban Casillas
|
0-0: Called Strike 0-1: Ball 1-1: Called Strike 1-2: Ball 2-2: Foul Ball, location: 2F 2-2: SINGLE (Groundball, 4MD) Christovão Galho to second
|
Batting: RHB Juan Salinas
|
0-0: Ball Wild Pitch! Christovão Galho to third Esteban Casillas to second 1-0: Ball 2-0: DOUBLE (Line Drive, 89S) Christovão Galho scores Esteban Casillas scores
|
Pitching: LHP Arnold Berry
|
|
Batting: RHB Stewart Ralston
|
0-0: Foul Ball, location: 2F 0-1: Ball 1-1: Ball 2-1: Called Strike 2-2: Foul Ball, location: 2F 2-2: Ball 3-2: SINGLE (Flyball, 7LM) Juan Salinas to third Juan Salinas scores
|
Batting: RHB Sung-min Pae
|
0-0: Ball 1-0: Called Strike 1-1: Foul Ball, location: 2F 1-2: Foul Ball, location: 2F 1-2: Strikes out looking
|
Bottom of the 4th over - 5 run(s), 6 hit(s), 0 error(s), 1 left on base; Augusta 2 - Alloway 8 |
TOP OF THE 5TH |
Augusta Timber Hawks batting - Pitching for Alloway Halberds : RHP Jim Unknown
|
Batting: RHB Enrique Pimentel
|
0-0: Called Strike 0-1: Hit by Pitch
|
Pinch Runner at 1st Abraham Jacobs:
|
|
Batting: SHB Javier Valle
|
0-0: Ball 1-0: Fielders Choice at 2nd, 4-6 (Groundball, 34)
|
Now at SS: Robbie Young
|
|
Batting: RHB Rubén Marino
|
0-0: Called Strike 0-1: Ball 1-1: Fly out, F8 (Flyball, 8RD)
|
Batting: RHB Bob Dickerson
|
0-0: Ball 1-0: SINGLE (Flyball, 9LS) Javier Valle to second Runner from 2nd tries for 3rd, SAFE, no throw
|
Batting: RHB Luis Tapia
|
0-0: Called Strike 0-1: SINGLE (Groundball, 4D) Javier Valle scores Bob Dickerson to second Runner from 2nd tries for 3rd, SAFE, throw made to third
|
Batting: LHB Jack Robbins
|
0-0: Called Strike 0-1: Swinging Strike 0-2: Foul Ball, location: 2F 0-2: Strikes out looking
|
Top of the 5th over - 1 run(s), 2 hit(s), 0 error(s), 2 left on base; Augusta 3 - Alloway 8 |
BOTTOM OF THE 5TH |
Alloway Halberds batting - Pitching for Augusta Timber Hawks : LHP Arnold Berry
|
Now in LF: Abraham Jacobs
|
|
Batting: SHB Ron Peterson
|
0-0: Ball 1-0: Fly out, F9 (Flyball, 9)
|
Batting: RHB Jorge López
|
0-0: Called Strike 0-1: Fly out, F3 (Popup, 3L)
|
Batting: RHB Alfredo Chávez
|
0-0: Ground out 5-3 (Groundball, 56)
|
Bottom of the 5th over - 0 run(s), 0 hit(s), 0 error(s), 0 left on base; Augusta 3 - Alloway 8 |
TOP OF THE 6TH |
Augusta Timber Hawks batting - Pitching for Alloway Halberds : RHP Jim Unknown
|
Batting: LHB Dinis Marcha
|
0-0: Called Strike 0-1: SINGLE (Groundball, 4D)
|
Batting: RHB Claudio Mendoza
|
0-0: Ball 1-0: Called Strike 1-1: Ball 2-1: SINGLE (Line Drive, 4D) Dinis Marcha to second
|
Batting: RHB Jaime Cruz
|
0-0: Ball 1-0: Called Strike 1-1: Hit by Pitch Dinis Marcha to third Claudio Mendoza to second
|
Batting: RHB Abraham Jacobs
|
0-0: Ball 1-0: SINGLE (Line Drive, 8LS) Dinis Marcha scores Claudio Mendoza to third Jaime Cruz to second
|
Batting: SHB Javier Valle
|
0-0: Fly out, F8 (Flyball, 8LM) Runner from 3rd tags up, SCORES, throw made
|
Batting: RHB Rubén Marino
|
0-0: Ball 1-0: Grounds into double play, 4-6-3 (Groundball, 4M)
|
Top of the 6th over - 2 run(s), 3 hit(s), 0 error(s), 1 left on base; Augusta 5 - Alloway 8 |
BOTTOM OF THE 6TH |
Alloway Halberds batting - Pitching for Augusta Timber Hawks : LHP Arnold Berry
|
Batting: RHB Pedro Orozco
|
0-0: Ball 1-0: Ball 2-0: Called Strike 2-1: Ball 3-1: Foul Ball, location: 2F 3-2: Ground out 4-3 (Groundball, 4MS)
|
Pitching: RHP Tom Sosa
|
|
Batting: RHB Christovão Galho
|
0-0: Ball 1-0: Called Strike 1-1: Ball 2-1: Foul Ball, location: 2F 2-2: Ball 3-2: Base on Balls
|
Batting: LHB Esteban Casillas
|
0-0: Grounds into double play, 6-4-3 (Groundball, 6)
|
Bottom of the 6th over - 0 run(s), 0 hit(s), 0 error(s), 0 left on base; Augusta 5 - Alloway 8 |
TOP OF THE 7TH |
Augusta Timber Hawks batting - Pitching for Alloway Halberds : RHP Jim Unknown
|
Batting: RHB Bob Dickerson
|
0-0: SOLO HOME RUN (Flyball, 78XD), Distance : 436 ft
|
Pitching: LHP Jim Unknown
|
|
Batting: RHB Luis Tapia
|
0-0: Foul Ball, location: 2F 0-1: Swinging Strike 0-2: Strikes out swinging
|
Batting: LHB Jack Robbins
|
0-0: Ground out 3-1 (Groundball, 34)
|
Batting: LHB Dinis Marcha
|
0-0: Ball 1-0: Ball 2-0: Called Strike 2-1: Foul Ball, location: 2F 2-2: Ball 3-2: Strikes out swinging
|
Top of the 7th over - 1 run(s), 1 hit(s), 0 error(s), 0 left on base; Augusta 6 - Alloway 8 |
BOTTOM OF THE 7TH |
Alloway Halberds batting - Pitching for Augusta Timber Hawks : RHP Tom Sosa
|
Batting: RHB Juan Salinas
|
0-0: Called Strike 0-1: Ball 1-1: Ball 2-1: Ball 3-1: Base on Balls
|
Batting: RHB Stewart Ralston
|
0-0: Called Strike 0-1: Ball 1-1: Ball 2-1: Ball 3-1: Base on Balls Juan Salinas to second
|
Pinch Hitting: RHB Jim Unknown
|
0-0: Fly out, F5 (Line Drive, 56)
|
Batting: SHB Ron Peterson
|
0-0: Foul Ball, location: 2F 0-1: Swinging Strike 0-2: Grounds into double play, 4-6-3 (Groundball, 4)
|
Bottom of the 7th over - 0 run(s), 0 hit(s), 0 error(s), 1 left on base; Augusta 6 - Alloway 8 |
TOP OF THE 8TH |
Augusta Timber Hawks batting - Pitching for Alloway Halberds : LHP Jim Unknown
|
Now at 1B: Jim Unknown
|
|
Batting: RHB Claudio Mendoza
|
0-0: Called Strike 0-1: Called Strike 0-2: Strikes out swinging
|
Batting: RHB Jaime Cruz
|
0-0: Ball 1-0: Foul Ball, location: 2F 1-1: Foul Ball, location: 2F 1-2: Strikes out swinging
|
Batting: RHB Abraham Jacobs
|
0-0: Ball 1-0: Foul Ball, location: 2F 1-1: Ball 2-1: Ground out 5-3 (Groundball, 56S)
|
Top of the 8th over - 0 run(s), 0 hit(s), 0 error(s), 0 left on base; Augusta 6 - Alloway 8 |
BOTTOM OF THE 8TH |
Alloway Halberds batting - Pitching for Augusta Timber Hawks : RHP Tom Sosa
|
Batting: RHB Jorge López
|
0-0: Foul Ball, location: 2F 0-1: Ball 1-1: Ball 2-1: Swinging Strike 2-2: Strikes out swinging
|
Batting: RHB Alfredo Chávez
|
0-0: Ball 1-0: Ball 2-0: Ball 3-0: Called Strike 3-1: Called Strike 3-2: Foul Ball, location: 2F 3-2: Base on Balls
|
Batting: RHB Pedro Orozco
|
0-0: Ball 1-0: Swinging Strike 1-1: Ball 2-1: Ball 3-1: Grounds into double play, 4-6-3 (Groundball, 4)
|
Bottom of the 8th over - 0 run(s), 0 hit(s), 0 error(s), 0 left on base; Augusta 6 - Alloway 8 |
TOP OF THE 9TH |
Augusta Timber Hawks batting - Pitching for Alloway Halberds : LHP Jim Unknown
|
Pitching: LHP Jim Unknown
|
|
Batting: SHB Javier Valle
|
0-0: Swinging Strike 0-1: Ball 1-1: Called Strike 1-2: Foul Ball, location: 2F 1-2: Ball 2-2: Ball 3-2: Ground out 4-3 (Groundball, 4)
|
Batting: RHB Rubén Marino
|
0-0: Foul Ball, location: 2F 0-1: Ball 1-1: Ball 2-1: Foul Ball, location: 2F 2-2: Ground out 6-3 (Groundball, 6)
|
Batting: RHB Bob Dickerson
|
0-0: Foul Ball, location: 2F 0-1: Ground out 3-1 (Groundball, 34)
|
Top of the 9th over - 0 run(s), 0 hit(s), 0 error(s), 0 left on base; Augusta 6 - Alloway 8 |
|